 Dungeon Crawl Stone Soup version 0.31-a0-523-g071a6c1ffa (webtiles) character file.

Game seed: 15621245758923645102

246796 arthad the Warrior (level 19, -26/132 HPs)
             Began as a Gargoyle Fighter on Aug 11, 2023.
             Was a High Priest of Okawaru.
             Killed by an exploding tentacled starspawn (64 damage)
             ... ignited by their inner flame
             ... on level 2 of the Abyss.
             The game lasted 01:26:25 (30468 turns).

arthad the Warrior (Gargoyle Fighter)              Turns: 30468, Time: 01:26:26

Health: -26/132    AC:  0    Str: 26    XL:     19   Next: 52%
Magic:  28/28      EV: 23    Int: 11    God:    Okawaru [*****.]
Gold:   4711       SH:  0    Dex: 14    Spells: 18/18 levels left

rFire   . . .        x - melded +9 broad axe (flame)
rCold   . . .        N - melded +0 kite shield {AC+3}
rNeg    + . .        Y - melded +11 crystal plate armour of Okawaru's Regard {Int+4}
rPois   ∞            q - melded +0 helmet
rElec   .            X - melded scarf {rC+ rF+}
rCorr   .            Z - melded +1 pair of gloves
SInv    .            A - melded +3 pair of mountain boots {steadfast, rC+}
Will    +....        w - amulet of regeneration
Stlth   +            V - melded +6 ring of strength
HPRegen 1.22/turn    z - melded +4 ring of slaying
MPRegen 0.21/turn

%: no passive effects
@: bat-form, flying, very quick
A: fast, flying, no casting, sickness immunity, AC +14, tiny, (big wings),
negative energy resistance 1, (electricity resistance), torment resistance 1,
petrification resistance
}: 2/15 runes: decaying, gossamer
a: Renounce Religion, Heroism, Finesse, Duel


You were on level 2 of the Abyss.
You worshipped Okawaru.
Okawaru was extremely pleased with you.
You were a bat.
You visited 7 branches of the dungeon, and saw 32 of its levels.
You visited the Abyss 2 times.
You also visited: Ossuary, Bailey and Gauntlet.

You collected 5032 gold pieces.
You spent 321 gold pieces at shops.

Inventory:

Hand Weapons
 x - a +9 broad axe of flaming (melded)
 S - the +5 mace of Karma {venom, rPois MP+9}
   (Okawaru gifted it to you on level 2 of the Abyss)

   rPois:     It protects you from poison MP+9: It affects your magic capacity
   (+9).
Missiles
 a - 6 silver javelins
 b - 9 javelins
 C - 22 poisoned darts
 I - 3 atropa-tipped darts
 R - 12 curare-tipped darts
Armour
 q - a +0 helmet (melded)
 u - a +0 tower shield of protection
 A - the +3 pair of mountain boots (melded) {steadfast, rC+}
   (You acquired it on level 4 of the Swamp)

   Steadfast: It prevents involuntary movement, except for blinking,
   teleportation, or banishment.
   rC+:       It protects you from cold.
 N - a +0 kite shield of protection (melded)
 X - a scarf of resistance (melded)
 Y - the +11 crystal plate armour of Okawaru's Regard (melded) {Int+4}
   (Okawaru gifted it to you on level 14 of the Dungeon)

   Int+4:     It affects your intelligence (+4).
 Z - a +1 pair of gloves (melded)
Jewellery
 w - an amulet of regeneration (around neck)
 z - a +4 ring of slaying (melded)
 P - a +5 ring of evasion
 T - a ring of protection from cold
 V - a +6 ring of strength (melded)
Wands
 c - a wand of roots (15)
 n - a wand of flame (18)
 v - a wand of mindburst (38)
 y - a wand of digging (22)
 B - a wand of quicksilver (9)
 D - a wand of polymorph (6)
Scrolls
 h - 7 scrolls of poison
 i - 8 scrolls of teleportation
 s - 5 scrolls of blinking
 t - 8 scrolls of enchant armour
 E - a scroll of torment
 F - 6 scrolls of amnesia
 H - 3 scrolls of silence
 K - 4 scrolls of brand weapon
 O - 3 scrolls of immolation
 Q - 2 scrolls of fog
 W - a scroll of revelation
Potions
 d - 6 potions of might
 e - 5 potions of berserk rage
 f - 3 potions of magic
 g - 5 potions of enlightenment
 j - 6 potions of lignification
 k - 8 potions of ambrosia
 l - 11 potions of haste
 m - 9 potions of heal wounds
 o - 17 potions of curing
 p - 10 potions of brilliance
 G - 6 potions of mutation
 J - 2 potions of resistance
 U - 3 potions of cancellation
Miscellaneous
 r - a sack of spiders
 L - a lightning rod (4/4)
 M - a phantom mirror


   Skills:
 * Level 18.7 Fighting
 * Level 12.1(13.9) Axes
 - Level 12.3(14.6) Maces & Flails
 + Level 5.4 Throwing
 * Level 16.9 Armour
 + Level 7.5 Dodging
 + Level 14.1 Shields
 - Level 12.0 Invocations
 - Level 6.0 Evocations


You had 18 spell levels left.
You didn't know any spells.
Your spell library contained the following spells:

 Spells                   Type           Power      Damage    Failure   Level
 Apportation              Tloc           0%         N/A       34%         1
 Magic Dart               Conj           0%         1d3       34%         1
 Necrotise                Necr           0%         1d4       34%         1
 Sandblast                Erth           0%         2d4       34%         1
 Passwall                 Tmut/Erth      0%         N/A       47%         2
 Searing Ray              Conj           0%         2d4       47%         2
 Dazzling Flash           Conj/Hex       0%         N/A       71%         3
 Ignite Poison            Fire/Tmut/Pois 0%         N/A       71%         3
 Portal Projectile        Hex/Tloc       0%         N/A       71%         3
 Stone Arrow              Conj/Erth      0%         3d7       71%         3
 Volatile Blastmotes      Fire/Tloc      0%         2d10      71%         3
 Fulminant Prism          Conj/Hex       0%         3d5       98%         4
 Iskenderun's Mystic Bla  Conj/Tloc      0%         2d3       98%         4
 Leda's Liquefaction      Hex/Erth       0%         N/A       98%         4
 Passage of Golubria      Tloc           0%         N/A       98%         4
 Sticky Flame             Conj/Fire      0%         2d3       98%         4
 Agony                    Necr           0%         N/A       100%        5
 Borgnjor's Vile Clutch   Necr/Erth      0%         N/A       100%        5
 Freezing Cloud           Conj/Ice/Air   0%         6-21      100%        5
 Silence                  Hex/Air        0%         N/A       100%        5
 Yara's Violent Unravell  Hex/Tmut       0%         3d3       100%        5
 Ignition                 Fire           0%         3d3       100%        8
 Death's Door             Necr           0%         N/A       100%        9
 Summon Small Mammal      Summ           Unusable   N/A       N/A         1
 Cigotuvi's Dreadful Rot  Necr/Pois/Air  Unusable   N/A       N/A         2
 Call Canine Familiar     Summ           Unusable   N/A       N/A         3
 Summon Guardian Golem    Hex/Summ       Unusable   N/A       N/A         3
 Tukima's Dance           Hex            Unusable   N/A       N/A         3
 Summon Ice Beast         Ice/Summ       Unusable   N/A       N/A         4
 Summon Forest            Summ/Tloc      Unusable   N/A       N/A         5
 Summon Mana Viper        Hex/Summ       Unusable   N/A       N/A         5
 Summon Cactus Giant      Summ           Unusable   N/A       N/A         6
 Monstrous Menagerie      Summ           Unusable   N/A       N/A         7

Dungeon Overview and Level Annotations

Branches:
Dungeon (15/15)            Temple (1/1) D:6            Lair (5/5) D:11
  Swamp (4/4) Lair:3       Spider (4/4) Lair:3        Slime (0/5) Lair:4
    Orc (2/2) D:10            Elf (0/3) Orc:2        Vaults (1/5) D:13
 Depths (0/4) D:15        Ossuary (visited)          Bailey (visited)
Gauntlet (visited)

Altars:
Ashenzari
Cheibriados
Dithmenos
Elyvilon
Fedhas
Gozag
Kikubaaqudgha
Makhleb
Nemelex Xobeh
Okawaru
Qazlal
Ru
Sif Muna
Trog
Uskayaw
Vehumet
Wu Jian
Xom
Yredelemnul
Zin
The Shining One
Jiyva

Shops:
D:6 !   D:14 ?   Orc:2 **[(**

Annotations:
D:7 2 transporters, Brisketman's ghost, novice DsIE
D:8 4 transporters, Gastronok
D:10 3 runed translucent doors, exclusion: obsidian statue, bakla's ghost, journeyman TrSh
D:14 3 runed translucent doors, Yrhif's ghost, journeyman FeCK
Abyss:2 1 transporter


Innate Abilities, Weirdness & Mutations

You are a bat.
You are tiny and dextrous.
You move quickly.
You are flying.
Your equipment is almost entirely melded.
You are incapable of wielding weapons or throwing items.
You cannot cast spells.
You are immune to sickness and miasma.
((Your stone body is resilient. (AC +14)))
You are immune to poison.
((Your large and strong wings let you fly.))
You resist negative energy. (rN+)
((You are resistant to electric shocks. (rElec)))
You are resistant to unholy torment.
You are immune to petrification.


Message History

The sea snake is heavily wounded.
The fiery explosion engulfs the large abomination!
Flame seeps out of the large abomination.
The large abomination is moderately damaged.
The fiery explosion engulfs the dream sheep!!!
You kill the dream sheep!
Okawaru accepts your kill.
The fiery explosion engulfs the swamp dragon!!!
The swamp dragon is almost dead.
The fiery explosion engulfs the fire crab.
The fire crab completely resists.
The fiery explosion engulfs the starcursed mass!
Flame seeps out of the starcursed mass.
The starcursed mass is severely damaged.
The starcursed mass shudders and is absorbed by its neighbour.
The tentacled starspawn is engulfed in blazing flames.
Flame seeps out of the tentacled starspawn.
The hell hog bites you.
You feel the corruption within you wane completely.
You feel less vulnerable to heat.
You no longer feel vulnerable to heat.
Unknown command.
Unknown command.
Unknown command.
Unknown command.
You hit the tentacled starspawn.
Flame seeps out of the tentacled starspawn.
The tentacled starspawn is almost destroyed.
You are engulfed in blazing flames.
* * * LOW HITPOINT WARNING * * *
The sea snake is engulfed in blazing flames.
The starspawn tentacle is engulfed in blazing flames.
Okawaru accepts your kill.
The starspawn's tentacles wither and die.
The tentacled starspawn explodes!
The fiery explosion engulfs the sea snake!!!
You kill the sea snake!
Okawaru accepts your kill.
The fiery explosion engulfs the hell hog.
The hell hog completely resists.
The fiery explosion engulfs you!!!
You die...

..##. ## #### ....
##? .©## .†. .. ?.##
###.$#..## .# ...##
##..."#..##..# .
#...###...###.......
...###§§§§t..##
.......
#....##§§§Xx##.. ..#
. #
#....©#b○D§X#©... #
..#
.....##h*○XZ##... ..
...
...###.☼§§X.X###.. .
. #
#...###XX.###..##..
...## ##..#.#.. #. #
..## ##..$#.... .
##? #==##.... .. ##
## #..##. # .#. ##..


You could see 6 starcursed masses, a wretched star, a swamp dragon shaped
shifter, a hell hog (inner flame), a fire crab shaped shifter, a large
abomination (inner flame), a small abomination and a centaur warrior simulacrum.

Vanquished Creatures
  A bone dragon (Abyss:2)
  Arachne (Spider:2)
  A tentacled monstrosity (Swamp:3)
  Jorgrun (Orc:2)
  3 tentacled starspawn (Abyss:2)
  Kirke (Lair:5)
  A thorn hunter (Swamp:4)
  The ghost of Midn8 the Markself, an adept DEHs of Okawaru (Swamp:4)
  Donald (Swamp:1)
  Louise (Spider:1)
  3 emperor scorpions (Spider:4)
  7 ghost moths
  A vault warden (Vaults:1)
  An orc warlord (Bailey)
  A broodmother (Spider:2)
  An eleionoma (Swamp:3)
  2 bunyips
  A dire elephant (Lair:5)
  A lorocyproca (Abyss:2)
  A spark wasp (Spider:4)
  A minotaur (Gauntlet)
  3 shambling mangroves
  An entropy weaver (shapeshifter) (D:13)
  A great orb of eyes (D:15)
  An ice dragon (Lair:5)
  3 entropy weavers
  A rakshasa (D:15)
  5 jorogumos (Spider:4)
  2 ghost crabs
  21 hydras
  A catoblepas (Lair:2)
  2 radroaches
  10 centaur warriors
  An ironbound frostheart (Vaults:1)
  A merfolk avatar (Lair:5)
  3 boulder beetles
  18 alligators
  5 two-headed ogres
  3 tengu warriors
  7 orc high priests
  A titan zombie (Abyss:2)
  9 demonic crawlers
  5 thrashing horrors (Abyss:2)
  2 death scarabs
  A spriggan berserker (Swamp:4)
  3 wretched stars (Abyss:2)
  2 skysharks (Lair:5)
  5 spriggan druids
  2 sun moths (Spider:4)
  4 goliath frogs
  A sixfirhy (Abyss:2)
  A pharaoh ant (Spider:2)
  4 skeletal warriors (D:15)
  An iron troll (D:13)
  2 sea snakes (Lair:5)
  A sea snake (shapeshifter) (Abyss:2)
  2 ironbound convokers (Vaults:1)
  4 bog bodies
  Pikel (D:7)
  12 swamp dragons
  A necromancer (D:13)
  9 orb spiders
  6 steelbarb worms
  A stone giant zombie (Abyss:2)
  A harpy (Vaults:1)
  4 orc knights
  A wolf spider (shapeshifter) (D:15)
  A wizard (Vaults:1)
  3 deep elf pyromancers
  6 will-o-the-wisps
  3 orc sorcerers (Orc:1)
  24 ugly things
  5 manticores
  5 moths of wrath
  19 wolf spiders
  A worldbinder (Abyss:2)
  8 cyclopes
  5 black mambas
  4 apocalypse crabs (Abyss:2)
  A black mamba (shapeshifter) (Abyss:2)
  6 elephants (Lair:5)
  2 vault sentinels (Vaults:1)
  12 cane toads
  3 smoke demons (Abyss:2)
  An orange demon (Abyss:2)
  An unseen horror (Abyss:2)
  5 torpor snails
  Maggie (D:8)
  A cane toad (shapeshifter) (D:14)
  An ice devil (Abyss:2)
  A freezing wraith (D:14)
  Psyche (D:8)
  6 rime drakes
  A gargoyle (D:10)
  2 efreet
  2 tengu conjurers
  10 komodo dragons
  10 yaktaurs
  An ancient zyme (Abyss:2)
  6 trolls
  5 tyrant leeches
  A wolf spider simulacrum (D:14)
  3 meliai (Spider:4)
  10 polar bears
  6 large abominations (Abyss:2)
  A hellwing (Abyss:2)
  A wind drake (Lair:5)
  8 blink frogs
  Grinder (D:5)
  36 tarantellas
  10 hornets
  A dream sheep (shapeshifter) (Abyss:2)
  A centaur simulacrum (Gauntlet)
  5 raiju
  A snapping turtle (Lair:5)
  A spectral black mamba (Gauntlet)
  A blink frog (shapeshifter) (D:13)
  30 jumping spiders
  17 slime creatures
  17 culicivoras
  2 ynoxinuls (Abyss:2)
  A water elemental (D:14)
  57 yaks
  18 spriggans
  Sigmund (D:5)
  A shadow (D:12)
  4 wyverns
  6 wraiths
  16 starcursed masses (Abyss:2)
  Eustachio (D:5)
  10 golden eyes (Abyss:2)
  A human (Lair:5)
  A neqoxec (Abyss:2)
  6 vampire mosquitoes
  2 hogs (Lair:5)
  7 wargs
  3 fire bats (Lair:3)
  53 redbacks
  7 basilisks
  3 chaos spawn (Abyss:2)
  A redback simulacrum (Gauntlet)
  3 steam dragons
  11 swamp worms
  Edmund (D:5)
  5 acid dragons
  A harpy simulacrum (Gauntlet)
  21 water moccasins
  7 swamp drakes
  2 ice beasts (D:7)
  21 orc warriors
  2 sky beasts
  7 black bears
  31 centaurs
  A black bear (shapeshifter) (Abyss:2)
  10 boggarts
  2 ogres
  7 wolves
  A phantom (D:6)
  2 kobold brigands
  18 bullfrogs
  A scorpion (D:4)
  10 small abominations (Abyss:2)
  18 killer bees
  11 electric eels
  6 howler monkeys
  4 hounds
  4 jellies
  A quasit (Abyss:2)
  31 orc priests
  2 sleepcaps (D:6)
  Crazy Yiuf (D:3)
  3 iron imps (Abyss:2)
  Ijyb (D:3)
  15 orc wizards
  Natasha (D:3)
  3 iguanas
  3 mummies (Ossuary)
  A boggart simulacrum (Gauntlet)
  11 gnolls
  11 adders
  A shadow imp (D:6)
  2 white imps
  4 ufetubi
  A worm (D:2)
  3 dart slugs
  77 orcs
  5 endoplasms
  2 giant cockroaches (D:2)
  16 goblins
  17 hobgoblins
  4 quokkas
  2 ball pythons
  7 bats
  4 frilled lizards
  A goblin zombie (Ossuary)
  4 hobgoblin zombies (Ossuary)
  17 kobolds
  4 kobold zombies (Ossuary)
  6 rats
  A butterfly (Lair:4)
  A spectral weapon (Swamp:1)
  4 starspawn tentacles (Abyss:2)
1196 creatures vanquished.

Vanquished Creatures (others)
  An ugly thing (D:15)
  A cyclops (D:13)
  2 bloated husks
  A tarantella (Spider:2)
  A hornet (Swamp:4)
  A culicivora (Spider:2)
  A boggart (D:14)
  36 foxfires
  A lurking horror (Abyss:2)
  5 starspawn tentacles (Abyss:2)
50 creatures vanquished.

Grand Total: 1246 creatures vanquished

Notes
Turn   | Place    | Note
-------+----------+-------------------------------------------
     0 | D:1      | arthad the Gargoyle Fighter began the quest for the Orb.
     0 | D:1      | Reached XP level 1. HP: 14/14 MP: 1/1
    85 | D:1      | Reached XP level 2. HP: 15/19 MP: 2/2
   569 | D:1      | Reached XP level 3. HP: 23/23 MP: 3/3
  1505 | D:3      | Noticed Natasha
  1512 | D:3      | Killed Natasha
  1513 | D:3      | Reached skill level 4 in Fighting
  1513 | D:3      | Reached XP level 4. HP: 29/29 MP: 4/4
  1696 | D:3      | Found a white marble altar of Elyvilon.
  1708 | D:3      | Noticed Ijyb
  1723 | D:3      | Killed Ijyb
  1724 | D:3      | Reached XP level 5. HP: 26/33 MP: 5/5
  1992 | D:3      | Found a runed translucent door.
  1993 | D:3      | Noticed Crazy Yiuf
  2447 | D:3      | Killed Crazy Yiuf
  2623 | D:4      | Found a bloodstained altar of Trog.
  2623 | D:4      | Found a sparkling altar of Nemelex Xobeh.
  2677 | D:4      | Reached XP level 6. HP: 36/39 MP: 6/6
  2828 | D:4      | Noticed a black bear
  2835 | D:4      | Killed a black bear
  3291 | D:4      | Reached skill level 5 in Fighting
  3291 | D:4      | Reached skill level 5 in Armour
  3291 | D:4      | Reached skill level 5 in Shields
  3337 | D:4      | Found a shimmering altar of Xom.
  3392 | D:5      | Entered Level 5 of the Dungeon
  3393 | D:5      | Noticed Edmund
  3409 | D:5      | Killed Edmund
  3410 | D:5      | Reached XP level 7. HP: 22/44 MP: 7/7
  3756 | D:5      | Noticed Grinder
  3756 | D:5      | Paralysed by Grinder for 5 turns
  3768 | D:5      | Killed Grinder
  3778 | D:5      | Noticed Eustachio
  3790 | D:5      | Killed Eustachio
  3791 | D:5      | Reached skill level 6 in Fighting
  3791 | D:5      | Reached skill level 1 in Evocations
  3791 | D:5      | Reached XP level 8. HP: 45/51 MP: 8/8
  3811 | D:5      | Noticed Sigmund
  3820 | D:5      | Killed Sigmund
  3821 | D:5      | Reached skill level 5 in Maces & Flails
  4227 | D:5      | Found a burning altar of Makhleb.
  4300 | D:6      | Identified a scroll of acquirement
  4338 | D:6      | Acquired 964 gold pieces
  4378 | D:6      | Found Welebros's Distillery.
  4387 | D:6      | Reached skill level 7 in Fighting
  4390 | D:6      | Bought a potion of curing for 30 gold pieces
  4390 | D:6      | Bought a potion of curing for 30 gold pieces
  4390 | D:6      | Bought a potion of berserk rage for 50 gold pieces
  4493 | D:6      | Reached XP level 9. HP: 57/57 MP: 9/9
  4508 | D:6      | Found a staircase to the Ecumenical Temple.
  4723 | D:6      | Found a sand-covered staircase.
  4732 | Ossuary  | Entered an ossuary
  5635 | Temple   | Entered the Ecumenical Temple
  5673 | Temple   | Became a worshipper of Warmaster Okawaru
  5871 | D:7      | Identified the +5 scale mail "Zixum" {rElec rN++ Slay+6
                  | Stlth-}
  6077 | D:7      | Found a hide-covered altar of Uskayaw.
  6135 | D:7      | Reached * piety under Okawaru
  6173 | D:7      | Reached skill level 8 in Fighting
  6234 | D:7      | Found a transporter.
  6234 | D:7      | Identified the amulet of Amelioration {Reflect rPois rC-
                  | Slay+2 SH+5}
  6315 | D:7      | Noticed Brisketman's ghost (novice DsIE)
  6324 | D:7      | Found a transporter.
  6930 | D:8      | Noticed Pikel
  6951 | D:7      | Killed Pikel
  6951 | D:7      | Reached ** piety under Okawaru
  6993 | D:8      | Reached XP level 10. HP: 49/65 MP: 10/10
  7079 | D:8      | Found a transporter.
  7089 | D:8      | Found a transporter.
  7206 | D:8      | Found a transporter.
  7224 | D:8      | Found a transporter.
  7224 | D:8      | Noticed Maggie
  7238 | D:8      | Killed Maggie
  7289 | D:8      | Noticed Psyche
  7307 | D:8      | Killed Psyche
  7308 | D:8      | Reached skill level 9 in Fighting
  7707 | D:8      | Noticed Gastronok
  8229 | D:9      | Reached *** piety under Okawaru
  8562 | D:9      | Identified the +6 falchion "Liesifi" {heavy, rC+ Str+3
                  | Int+3}
  8752 | D:10     | Entered Level 10 of the Dungeon
  8851 | D:10     | Found a flagged portal.
  8857 | Bailey   | Entered a bailey
  9042 | Bailey   | Reached skill level 10 in Fighting
  9042 | Bailey   | Reached XP level 11. HP: 52/72 MP: 11/11
  9164 | Bailey   | Noticed an orc knight
  9211 | Bailey   | Killed an orc knight
  9212 | Bailey   | Reached skill level 1 in Invocations
  9301 | Bailey   | Noticed an orc warlord
  9311 | Bailey   | Killed an orc warlord
  9311 | Bailey   | Reached **** piety under Okawaru
  9312 | Bailey   | Reached skill level 5 in Evocations
  9444 | Bailey   | Acquired 985 gold pieces
  9608 | D:10     | Found a runed translucent gate.
  9609 | D:10     | Found a runed translucent gate.
  9609 | D:10     | Found an opulent altar of Gozag.
  9610 | D:10     | Found a runed translucent gate.
  9610 | D:10     | Noticed an obsidian statue
  9613 | D:10     | Noticed a manticore
  9614 | D:10     | Noticed a centaur warrior
  9614 | D:10     | Noticed bakla's ghost (journeyman TrSh)
  9614 | D:10     | Noticed a fire giant
  9929 | D:10     | Found a staircase to the Orcish Mines.
  9999 | D:10     | Noticed a skeletal warrior
 10671 | D:11     | Reached ***** piety under Okawaru
 10732 | D:11     | Identified the +1 whip of Fragile Peace {antimagic, Dex+2}
 10737 | D:11     | Found a gate leading to a gauntlet.
 10751 | Gauntlet | Entered a Gauntlet
 10751 | Gauntlet | Noticed a tengu warrior
 10751 | Gauntlet | Found a transporter.
 10751 | Gauntlet | Found a transporter.
 10751 | Gauntlet | Found a runed translucent door.
 10760 | Gauntlet | Found a transporter.
 10763 | Gauntlet | Found a transporter.
 10767 | Gauntlet | Noticed a death scarab
 10771 | Gauntlet | Found a transporter.
 10775 | Gauntlet | Found a transporter.
 10784 | Gauntlet | Found a transporter.
 10798 | Gauntlet | Found a transporter.
 10804 | Gauntlet | Found a runed translucent door.
 10820 | Gauntlet | Found a transporter.
 10824 | Gauntlet | Noticed a tengu warrior
 10825 | Gauntlet | Found a transporter.
 10837 | Gauntlet | Found a transporter.
 10841 | Gauntlet | Found a transporter.
 10848 | Gauntlet | Found a runed translucent door.
 10968 | Gauntlet | Killed a death scarab
 11052 | Gauntlet | Noticed a minotaur
 11062 | Gauntlet | Killed a minotaur
 11063 | Gauntlet | Reached skill level 11 in Fighting
 11075 | Gauntlet | Identified the +1 whip "Arbiter" {protect, Dex+2}
 11076 | Gauntlet | Got the Incunabulum of the Charnel Flock
 11330 | D:11     | Noticed a two-headed ogre
 11340 | D:11     | Killed a two-headed ogre
 11341 | D:11     | Reached skill level 10 in Maces & Flails
 11372 | D:11     | Noticed a two-headed ogre
 11380 | D:11     | Reached XP level 12. HP: 79/80 MP: 12/15
 11387 | D:11     | Killed a two-headed ogre
 11388 | D:11     | Reached skill level 5 in Invocations
 11406 | D:11     | Found a staircase to the Lair.
 11949 | D:12     | Noticed a tengu warrior
 11964 | D:12     | Killed a tengu warrior
 12238 | D:12     | Identified the +2 ring mail of an ice cave {Regen+}
                  | (Okawaru gifted it to you on level 12 of the Dungeon)
 12238 | D:12     | Received a gift from Okawaru
 12387 | D:12     | Reached skill level 12 in Fighting
 12555 | D:12     | Noticed a centaur warrior
 12576 | D:12     | Killed a centaur warrior
 12972 | D:13     | Noticed a centaur warrior
 13081 | D:13     | Killed a centaur warrior
 13124 | D:13     | Reached XP level 13. HP: 39/87 MP: 18/18
 13281 | D:13     | Reached skill level 10 in Armour
 13313 | D:13     | a golden eye changed into an entropy weaver
 13313 | D:13     | Noticed an entropy weaver (shapeshifter)
 13328 | D:13     | Killed an entropy weaver
 13403 | D:13     | Reached skill level 10 in Shields
 13425 | D:13     | Reached skill level 1 in Axes
 13627 | D:13     | Reached ****** piety under Okawaru
 13629 | D:13     | Received a gift from Okawaru
 13984 | D:13     | Reached skill level 13 in Fighting
 14089 | D:13     | Found a gate to the Vaults.
 14188 | D:14     | Found a radiant altar of Vehumet.
 14357 | D:14     | Found a runed translucent gate.
 14357 | D:14     | Found a runed translucent gate.
 14357 | D:14     | Found a runed translucent gate.
 14360 | D:14     | Noticed a merfolk javelineer
 14361 | D:14     | Noticed Yrhif's ghost (journeyman FeCK)
 14361 | D:14     | Noticed a minotaur
 14666 | D:14     | Gained mutation: Your large and strong wings let you fly.
                  | [Gargoyle growth]
 14666 | D:14     | Reached XP level 14. HP: 94/94 MP: 20/20
 14683 | D:14     | Found Gim Lueb's Magic Scroll Shop.
 14825 | D:14     | Found an iron altar of Okawaru.
 14842 | D:15     | Entered Level 15 of the Dungeon
 14964 | D:15     | Reached skill level 1 in Dodging
 14972 | D:14     | Identified the +11 crystal plate armour of Okawaru's Regard
                  | {Int+4} (Okawaru gifted it to you on level 14 of the
                  | Dungeon)
 14972 | D:14     | Received a gift from Okawaru
 15275 | D:15     | Reached skill level 10 in Invocations
 15278 | D:15     | Reached skill level 14 in Fighting
 15619 | D:15     | Reached skill level 5 in Axes
 15720 | D:15     | Received a gift from Okawaru
 15838 | D:15     | Found a staircase to the Depths.
 15935 | Lair:1   | Entered Level 1 of the Lair of Beasts
 16116 | Lair:1   | Reached XP level 15. HP: 101/101 MP: 22/22
 16368 | Lair:1   | Identified the ring "Abiutet" {Fly rElec rPois rC- SInv}
 17432 | Lair:3   | Found a staircase to the Swamp.
 17560 | Lair:3   | Found a hole to the Spider Nest.
 18436 | Lair:4   | Found a staircase to the Slime Pits.
 18436 | Lair:4   | Found a viscous altar of Jiyva.
 18449 | Lair:4   | Identified the +1 quick blade of the Old World {heavy,
                  | +Blink rF+ Int+3 Dex-2} (Okawaru gifted it to you on level
                  | 4 of the Lair of Beasts)
 18449 | Lair:4   | Received a gift from Okawaru
 18897 | Lair:5   | Entered Level 5 of the Lair of Beasts
 18909 | Lair:5   | Reached skill level 15 in Fighting
 19160 | Lair:5   | Noticed Kirke
 19187 | Lair:5   | Killed Kirke
 19188 | Lair:5   | Reached XP level 16. HP: 108/108 MP: 24/24
 20047 | Orc:1    | Entered Level 1 of the Orcish Mines
 20075 | Orc:1    | Received a gift from Okawaru
 20578 | Orc:2    | Entered Level 2 of the Orcish Mines
 20578 | Orc:2    | Found a staircase to the Elven Halls.
 20677 | Orc:2    | Found Jiggah's Specific Store.
 20678 | Orc:2    | Found Maoffuch's General Store.
 20824 | Orc:2    | Noticed Jorgrun
 20832 | Arena    | Entered the Arena
 20863 | Orc:2    | Killed Jorgrun
 20923 | Orc:2    | Found Winecrimn's Armour Shop.
 20942 | Orc:2    | Found Tomo's Antique Weapon Shoppe.
 21215 | Orc:2    | Found Saeximm's General Store.
 21215 | Orc:2    | Found Giys's General Store.
 21293 | Orc:2    | Bought a scroll of teleportation for 39 gold pieces
 21293 | Orc:2    | Bought a potion of curing for 39 gold pieces
 21293 | Orc:2    | Bought a scroll of blinking for 97 gold pieces
 21302 | Orc:2    | Bought a potion of curing for 36 gold pieces
 21461 | Swamp:1  | Entered Level 1 of the Swamp
 21472 | Swamp:1  | Found a shimmering altar of Xom.
 21506 | Swamp:1  | Identified the +0 ring mail of the Seven Curses {Contam
                  | +Inv Will+ Int+6} (Okawaru gifted it to you on level 1 of
                  | the Swamp)
 21506 | Swamp:1  | Received a gift from Okawaru
 21777 | Swamp:1  | Reached skill level 16 in Fighting
 21848 | Swamp:1  | Noticed Donald
 21860 | Swamp:1  | Killed Donald
 22157 | Swamp:2  | Reached skill level 5 in Dodging
 22206 | Arena    | Entered the Arena
 22820 | Swamp:3  | Received a gift from Okawaru
 22860 | Swamp:3  | Noticed a tentacled monstrosity
 22873 | Swamp:3  | Killed a tentacled monstrosity
 22874 | Swamp:3  | Reached XP level 17. HP: 107/116 MP: 26/26
 23048 | Swamp:3  | Received a gift from Okawaru
 23444 | Swamp:4  | Entered Level 4 of the Swamp
 23559 | Swamp:4  | Received a gift from Okawaru
 23624 | Swamp:4  | Found a runed translucent door.
 23625 | Swamp:4  | Noticed Midn8's ghost (adept DEHs)
 23910 | Swamp:4  | Reached skill level 1 in Throwing
 23927 | Swamp:4  | Identified the +5 fire dragon scales of Aritagge {rF++ rC-
                  | Will+++ Regen+ Dex+2 Slay-5} (Okawaru gifted it to you on
                  | level 4 of the Swamp)
 23927 | Swamp:4  | Received a gift from Okawaru
 23986 | Swamp:4  | Acquired the +3 pair of mountain boots {steadfast, rC+}
 23986 | Swamp:4  | Found the +3 pair of mountain boots {steadfast, rC+}
 24096 | Swamp:4  | Reached skill level 17 in Fighting
 24166 | Swamp:4  | Reached skill level 15 in Armour
 24216 | Swamp:4  | Reached skill level 10 in Axes
 24377 | Swamp:4  | Killed Midn8's ghost
 24480 | Swamp:4  | Got a decaying rune of Zot
 24642 | Spider:1 | Entered Level 1 of the Spider Nest
 25506 | Spider:1 | Noticed Louise
 25522 | Abyss:2  | Cast into level 2 of the Abyss (Louise)
 25590 | Abyss:2  | Noticed a bone dragon
 25613 | Abyss:2  | Killed a bone dragon
 25655 | Abyss:2  | Noticed a tentacled starspawn
 25656 | Abyss:2  | Found a burning altar of Makhleb.
 25660 | Abyss:2  | Killed a tentacled starspawn
 25674 | Abyss:2  | Found a burning altar of Makhleb.
 25674 | Abyss:2  | Found a burning altar of Makhleb.
 25688 | Abyss:2  | Reached XP level 18. HP: 113/124 MP: 27/27
 25749 | Abyss:2  | Identified the +5 mace of Karma {venom, rPois MP+9}
                  | (Okawaru gifted it to you on level 2 of the Abyss)
 25749 | Abyss:2  | Received a gift from Okawaru
 25767 | Abyss:2  | Noticed a bone dragon
 25953 | Abyss:2  | Found a corrupted altar of Lugonu.
 25960 | Abyss:2  | Found a corrupted altar of Lugonu.
 25960 | Abyss:2  | Found a corrupted altar of Lugonu.
 25994 | Spider:1 | Escaped the Abyss
 26006 | Spider:1 | Killed Louise
 26417 | Spider:2 | Received a gift from Okawaru
 26423 | Spider:2 | Noticed Arachne
 26474 | Spider:2 | Killed Arachne
 27134 | Spider:3 | Reached skill level 18 in Fighting
 28101 | Spider:4 | Entered Level 4 of the Spider Nest
 28133 | Arena    | Entered the Arena
 28414 | Spider:4 | Identified the +0 ring mail of Okawaru's Esteem {rC+ Int+3}
                  | (Okawaru gifted it to you on level 4 of the Spider Nest)
 28414 | Spider:4 | Received a gift from Okawaru
 28474 | Spider:4 | Reached XP level 19. HP: 81/130 MP: 16/28
 29162 | Spider:4 | Reached skill level 5 in Throwing
 29398 | Spider:4 | Got a gossamer rune of Zot
 29848 | Vaults:1 | Entered Level 1 of the Vaults
 29978 | Abyss:2  | Cast into level 2 of the Abyss (a wizard)
 30448 | Abyss:2  | Found a transporter.
 30455 | Abyss:2  | Found a transporter.
 30457 | Abyss:2  | Found a corrupted altar of Lugonu.
 30465 | Abyss:2  | Paralysed by accursed screaming for 1 turns
 30467 | Abyss:2  | Identified the +0 ring mail "Agoan" {rElec rN+} (Okawaru
                  | gifted it to you on level 2 of the Abyss)
 30467 | Abyss:2  | Received a gift from Okawaru
 30468 | Abyss:2  | Killed by an exploding tentacled starspawn... ignited by
                  | their inner flame

Illustrated notes

Levels and vault maps discovered:
D:1:      lightli_arrival_flooded_house, layout_basic
D:2:      layout_basic, serial_glass, glass_columns_b, glass_columns_a,
          glass_columns_b, glass_columns_b
D:3:      layout_basic, elyvilon_altar_5, uniq_ijyb, uniq_natasha,
          uniq_crazy_yiuf_cottage
D:4:      layout_loops_ring, kennysheep_mini, grunt_temple_overflow_open,
          nicolae_elevator_lobby_asterisk
D:5:      layout_loops_ring, lemuel_coloured_pillars_altar, uniq_sigmund,
          uniq_grinder, uniq_edmund, uniq_eustachio
D:6:      layout_basic, minmay_temple_entry_glass, nicolae_ossuary_entry_ruins,
          serial_shops, shop_statue
D:7:      layout_layer_cave, eat_drink_and_be_merry_uskayaw,
          gammafunk_ghost_gnarly_gnolls, kennysheep_boxes
D:8:      layout_layer_cave, nicolae_transporter_circle, uniq_psyche,
          uniq_maggie, uniq_gastronok, uniq_pikel
D:9:      layout_loops_cross
D:10:     layout_stronghold, beargit_hepliaklqana_dungeon_heroes, orc_0_dummy,
          ebering_ghost_gozag, enter_bailey_3
D:11:     layout_long_grid, due_lair_maze_entry_diamond, gauntlet_entry_generic
D:12:     layout_stronghold, kb_tengu_band
D:13:     layout_loops_ring, david_vaults_4, minmay_circle_x
D:14:     layout_basic, nicolae_vehumet_radiance,
          gammafunk_ghost_fury_of_okawaru, st_stairs_6, nicolae_stop_n_shop_2
D:15:     gammafunk_enter_depths_forms, layout_cross, serial_park_tiny_1
Temple:   regret_index_temple_generic_petals
Lair:1:   layout_chaotic_city, lemuel_fruit_fields
Lair:2:   layout_roguey, st_stairs_3
Lair:3:   layout_gridlike, skrybe_swamp_entry_bodies,
          nicolae_spider_entry_tight_spaces
Lair:4:   layout_regular_city, minmay_slime_entry_pillars, forest_entry_grove,
          lemuel_fruit_fields, serial_bayou_shore_a
Lair:5:   gammafunk_lair_ancient_temple, layout_long_grid,
          portal_ice_cave_entry_animals_and_master,
          chequers_serial_rivers_micro_d, uniq_kirke
Swamp:1:  layout_basic_swamp, basic_altar, nicolae_swamp_very_dense_foliage,
          uniq_donald
Swamp:2:  layout_falls_marsh, evilmike_swamp_ruin_house_6
Swamp:3:  layout_falls_marsh, evilmike_swamp_ruin_house_5
Swamp:4:  swamp_basic_johnstein, layout_basic_swamp, gammafunk_ghost_grave,
          swamp_pool2
Spider:1: layout_chambers, hellmonk_narrow_tunnel, uniq_louise
Spider:2: layout_spider_delve, uniq_arachne
Spider:3: layout_chambers
Spider:4: johnstein_spider_rune_arachne_lair, spiders_nest_ghost_moth_duel
Orc:1:    layout_diamond_mine, serial_shops
Orc:2:    st_orc_town, layout_caves, nicolae_specific_store, uniq_jorgrun
Vaults:1: nicolae_vaults_specimen_jars, vaults_dpeg_emergency_exit,
          nicolae_vaults_closet_pinwheel_1, v_misc_17,
          hangedman_vaults_capsules, nicolae_vaults_more_shelving_1,
          hangedman_vaults_maws, v_misc_4, nicolae_vaults_trapezoid_4,
          nicolae_vaults_house_1, layout_vaults_ring
Abyss:2:  base: Swamp:4, hangedman_abyss_stitches_cave, evilmike_abyss_exit_2,
          spicy_abyss_unhelpful_harpoons, base: D:4, bh_abyss_negative,
          bh_abyss_negative, evilmike_abyss_exit_glass,
          gammafunk_corrupted_shrine

Skill      XL: |  1  2  3  4  5  6  7  8  9 10 11 12 13 14 15 16 17 18 19 |
---------------+----------------------------------------------------------+-----
Fighting       | 4 5 6 7 8 10 11 12 13 14 15 16 17 18 | 18.7
Shields        | 4 5 6 7 8 9 10 11 12 13 14 | 14.1
Armour         | 4 5 6 7 8 9 10 11 12 14 15 16 | 16.9
Maces & Flails | 3 4 6 7 8 10 11 12 | 12.3
Evocations     | 1 2 3 4 5 6 |  6.0
Invocations    | 4 7 9 10 11 12 | 12.0
Axes           | 2 5 7 9 10 11 12 | 12.1
Dodging        | 2 4 5 6 7 |  7.5
Throwing       | 2 4 5 |  5.4

Action                     |  1- 3 |  4- 6 |  7- 9 | 10-12 | 13-15 | 16-18 | 19-21 || total
---------------------------+-------+-------+-------+-------+-------+-------+-------++-------
  Melee: Flail             |   115 |   132 |   387 |   717 |       |       |       ||  1351
         Broad axe         |       |       |       |   309 |   868 |  1185 |   256 ||  2618
         Unarmed           |       |       |       |       |       |       |     2 ||     2
  Throw: Dart              |       |       |       |    45 |    14 |       |       ||    59
         Javelin           |       |       |       |       |     4 |     2 |       ||     6
 Invoke: Heroism           |       |       |       |    15 |     3 |     9 |       ||    27
         Finesse           |       |       |       |       |     1 |     4 |       ||     5
         Duel              |       |       |       |       |       |     3 |       ||     3
  Evoke: Wand              |       |       |    13 |    13 |    24 |     3 |       ||    53
         Lightning rod     |       |       |       |     5 |    11 |     5 |       ||    21
    Use: Potion            |       |     1 |     3 |     3 |       |     8 |       ||    15
         Scroll            |       |       |    11 |    15 |    11 |     5 |     1 ||    43
   Stab: Invisible         |       |       |       |     1 |       |       |       ||     1
 Armour: Scale mail        |    74 |    62 |   255 |   489 |       |       |       ||   880
         Ring mail         |       |       |       |    31 |   236 |       |       ||   267
         Crystal plate arm |       |       |       |       |   576 |  1440 |   226 ||  2242
  Dodge: Dodged            |    58 |    57 |   159 |   831 |   573 |   452 |    64 ||  2194
  Block: Buckler           |    31 |    34 |    94 |   304 |       |       |       ||   463
         Kite shield       |       |       |       |    88 |   595 |   839 |   144 ||  1666

Table legend: (Time is in decaauts)
 A = Elapsed time spent in this place.
 B = Non-inter-level travel time spent in this place.
 C = Inter-level travel time spent in this place.
 D = Time resting spent in this place.
 E = Time spent auto-exploring this place.
 F = Levels seen in this place.
 G = Mean time per level.
                   A        B        C        D        E       F      G
               +--------+--------+--------+--------+--------+-----+--------+
         Total |  30933 |  29013 |   1920 |    404 |  20183 |  40 |  773.3 |
       Dungeon |  15012 |  14091 |    921 |    240 |   9993 |  15 | 1000.8 |
        Temple |     76 |      1 |     75 |      0 |      0 |   1 |   76.0 |
          Lair |   4345 |   3872 |    473 |      0 |   2721 |   5 |  869.0 |
         Swamp |   3123 |   2908 |    215 |      0 |   2188 |   4 |  780.8 |
   Spider Nest |   4499 |   4328 |    171 |    135 |   3272 |   4 | 1124.8 |
  Orcish Mines |   1300 |   1237 |     63 |      0 |    952 |   2 |  650.0 |
        Vaults |    128 |    128 |      0 |      0 |     71 |   1 |  128.0 |
         Abyss |    972 |    972 |      0 |      9 |    367 |   2 |  486.0 |
       Ossuary |    393 |    393 |      0 |      0 |    307 |   1 |  393.0 |
        Bailey |    573 |    573 |      0 |      2 |    196 |   1 |  573.0 |
      Gauntlet |    440 |    440 |      0 |      0 |    115 |   1 |  440.0 |
         Arena |     68 |     68 |      0 |     18 |      0 |   3 |   22.7 |
               +--------+--------+--------+--------+--------+-----+--------+

Top non-repeatable levels by time:
Spider:4: 1374 daAuts
    D:10: 1313 daAuts
Spider:3: 1265 daAuts
Spider:1: 1258 daAuts
    D:13: 1249 daAuts
     D:7: 1234 daAuts
    D:12: 1210 daAuts
     D:3: 1146 daAuts
 Swamp:4: 1098 daAuts
  Lair:5: 1037 daAuts
    D:11: 1020 daAuts
     D:6: 1013 daAuts
  Lair:3: 972 daAuts
 Abyss:2: 972 daAuts
     D:9: 938 daAuts
